 Dungeon Crawl Stone Soup version 0.19.1-28-ge1247f7 (webtiles) character file.

71 Alarkh the Chopper (level 4, 16/35 HPs)
             Began as a Demonspawn Monk on Jan 21, 2017.
             Quit the game on level 2 of the Dungeon.
             The game lasted 00:01:41 (1673 turns).

Alarkh the Chopper (Demonspawn Monk)                Turns: 1673, Time: 00:01:42

Health: 16/35      AC:  3    Str: 11    XL:     4   Next: 5%
Magic:  2/4        EV: 13    Int: 13    God:
Gold:   73         SH:  0    Dex: 15    Spells: 0 memorised, 3 levels left

rFire  . . .     SeeInvis .     a - +0 hand axe
rCold  . . .     Gourm    .     b - +0 robe
rNeg   . . .     Faith    .     (no shield)
rPois  .         Spirit   +     g - +0 helmet
rElec  .         Reflect  .     (no cloak)
rCorr  .         Harm     .     (no gloves)
MR     .....                    (no boots)
Stlth  ++........               (no amulet)
                                (no ring)
                                (no ring)

@: no status effects
A: demonic guardian 1, magic shield
a: no special abilities


You were on level 2 of the Dungeon.
You were near starving.

You visited 1 branch of the dungeon, and saw 2 of its levels.

You collected 73 gold pieces.

Inventory:

Hand Weapons
 a - a +0 hand axe (weapon)
Armour
 b - a +0 robe (worn)
 g - a +0 helmet (worn)
Scrolls
 h - a scroll of teleportation {unknown}
 i - a scroll of identify {unknown}
Potions
 d - a potion of brilliance {unknown}
 e - a potion of curing {unknown}
 f - 2 potions of berserk rage
 k - a potion of cure mutation {unknown}
 l - a potion of lignification {unknown}
Comestibles
 c - a bread ration
 j - a meat ration


   Skills:
 - Level 3.0 Fighting
 * Level 4.4 Axes
 - Level 2.6 Dodging
 - Level 1.7 Stealth


You had 3 spell levels left.
You didn't know any spells.

Dungeon Overview and Level Annotations

Branches:
Dungeon (2/15)

Altars:


Innate Abilities, Weirdness & Mutations

A weak demonic guardian rushes to your aid.
When hurt, damage is shared between your health and your magic reserves.


Message History

You are too injured to fight recklessly!
You are too injured to fight recklessly!
You are too injured to fight recklessly!
You are too injured to fight recklessly!
You are too injured to fight recklessly!
You are too injured to fight recklessly!
You are too injured to fight recklessly!
You are too injured to fight recklessly!
You hit the ooze.
You kill the ooze!
You have reached level 4!
You feel clever.
Your demonic ancestry asserts itself...
You feel the presence of a demonic guardian.
The bat misses you. The bat hits you but does no damage.
The bat closely misses you. The bat completely misses you.
The bat barely misses you.
You hit the bat but do no damage. The bat barely misses you.
You closely miss the bat. The bat barely misses you.
The bat hits you but does no damage.
Are you sure you want to abandon this character and quit the game? (Confirm with "yes".)

## #### #. #
##[###....... .. ..
##...##.##.... .#[#
#.#..............#.#.#
#........... ......#.#
#.....#.###...#....
#####.......b........#
....$.....@.# .##.#..#
.####.##.#..# .##<#..#
# #%#..##.#.#...#
#....%...###.)##
###..##.## ##..#
#....## ##.# ##.##.##
##..# #.....###.#.##
######.#.#...####


You could see a bat.

Vanquished Creatures
  2 adders (D:2)
  An ooze (D:2)
  A worm (D:2)
  4 dart slugs
  A giant cockroach (D:2)
  4 goblins
  6 hobgoblins
  6 kobolds (D:1)
  4 bats
  4 frilled lizards
  4 rats
37 creatures vanquished.

Notes
Turn   | Place    | Note
-------+----------+-------------------------------------------
     0 | D:1      | Alarkh the Demonspawn Monk began the quest for the Orb.
     0 | D:1      | Reached XP level 1. HP: 18/18 MP: 1/1
    16 | D:1      | Reached skill level 3 in Axes
    56 | D:1      | Gained mutation: When hurt, damage is shared between your health and your magic reserves. [demonic ancestry]
    56 | D:1      | Reached XP level 2. HP: 6/24 MP: 2/2
   581 | D:1      | Reached XP level 3. HP: 29/29 MP: 3/3
   766 | D:2      | Reached skill level 4 in Axes
  1142 | D:2      | HP: 1/29 [poisoned by an adder]
  1668 | D:2      | Gained mutation: A weak demonic guardian rushes to your aid. [demonic ancestry]
  1668 | D:2      | Reached XP level 4. HP: 15/35 MP: 2/4
  1673 | D:2      | Quit the game

Skill      XL: |  1  2  3 |
---------------+----------+-----
Axes           | 3 4 |  4.4
Fighting       | |  3.0
Dodging        | |  2.6
Stealth        | |  1.7

Action                   |  1- 3 |  4- 6 || total
-------------------------+-------+-------++-------
Melee: Hand axe          |   138 |     2 ||   140
  Use: Potion            |     1 |       ||     1
 Stab: Sleeping          |     5 |       ||     5
  Eat: Chunk             |     1 |       ||     1
Armor: Robe              |    19 |     2 ||    21
Dodge: Dodged            |   103 |     6 ||   109
